 Dungeon Crawl Stone Soup version 0.17.0 (webtiles) character file.

538 Leibowitz the Poker (level 7, 0/53 HPs)
             Began as a Merfolk Gladiator on Nov 6, 2015.
             Slain by a hell rat (11 damage)
             ... on level 5 of the Dungeon.
             The game lasted 00:14:10 (4900 turns).

Leibowitz the Poker (Merfolk Gladiator)             Turns: 4900, Time: 00:14:10

Health: 0/53       AC:  8    Str: 15    XL:     7   Next: 26%
Magic:  7/7        EV:  9    Int: 12    God:
Gold:   149        SH:  0    Dex: 17    Spells: 0 memorised, 6 levels left

rFire  . . .     SeeInvis .     a - +0 trident
rCold  . . .     Clarity  .     m - -2 chain mail (curse)
rNeg   . . .     SustAt   +     (no shield)
rPois  .         Gourm    .     c - +0 helmet
rElec  .         Spirit   .     f - +0 cloak
rCorr  .         Warding  .     (no gloves)
rMut   .         Stasis   .     (no boots)
MR     .....                    (no amulet)
Stlth  ..........               o - ring of sustain attributes
                                h - +5 ring of intelligence

@: drained, not resistant to hostile enchantments, extremely unstealthy
A: change form in water, swift swim
a: no special abilities


You were on level 5 of the Dungeon.
You were very hungry.

You visited 1 branch of the dungeon, and saw 5 of its levels.
You also visited: Sewer.

You collected 149 gold pieces.

Inventory:

Hand Weapons
 a - a +0 trident (weapon)
 b - a +0 blowgun
 v - a +0 short sword of freezing
Missiles
 u - 27 poisoned needles
Armour
 c - a +0 helmet (worn)
 f - a +0 cloak (worn)
 m - a cursed -2 chain mail (worn)
 t - a +0 leather armour
Jewellery
 h - a +5 ring of intelligence (left hand)
 o - a ring of sustain attributes (right hand)
Scrolls
 i - 2 scrolls of identify
 p - a scroll of teleportation
 q - 2 scrolls of fear
Potions
 g - 2 potions of curing
 j - 2 potions of heal wounds
 n - 2 potions of might
 r - a potion of flight
 s - 2 potions of cancellation
Comestibles
 e - 5 bread rations
 k - 3 fruits
 l - a meat ration


   Skills:
 + Level 3.7(3.2) Fighting
 + Level 7.2(6.7) Polearms
 + Level 2.4(2.0) Throwing
 + Level 2.1(1.6) Armour
 + Level 5.8(5.3) Dodging
 + Level 3.1(2.6) Stealth


You had 6 spell levels left.
You didn't know any spells.

Dungeon Overview and Level Annotations

Branches:
Dungeon (5/15)             Temple (0/1) D:5

Altars:
Elyvilon
Kikubaaqudgha
Makhleb
Xom

Shops:
D:4 }


Message History

You closely miss the rat. The rat barely misses you.
Your chain mail prevents you from hitting the rat.
The rat misses you.
You barely miss the rat. The rat bites you but does no damage.
A hell rat comes into view.
The hell rat roars!
You puncture the rat!
You kill the rat!
You hear a roar!
You see here a hell rat corpse.
Throwing (i - inventory):
d - a throwing net (quivered)
Press: ? - help, Shift-Dir - straight line, f - hell rat
Aim: a hell rat You throw a throwing net.
The throwing net barely misses the hell rat.
The hell rat bites you!
You feel drained.
You hit the hell rat but do no damage. The hell rat bites you!
* * * LOW HITPOINT WARNING * * *
You barely miss the hell rat. The hell rat bites you!
You die...

.. #..#
###
##.#
##.#
#.##
##.#
#.##
##.#
#.##
#@##
##r#
#r# #r#
...
...#.
.#%.##.
.#.##.
.# ## #
. .


You could see a hell rat and 2 rats.

Vanquished Creatures
  An ice beast (D:5)
  A big kobold (Sewer)
  A scorpion (D:5)
  2 orc priests
  Ijyb (D:1)
  A hell rat (D:5)
  A hound skeleton (D:4)
  8 adders
  A river rat (D:5)
  2 shadow imps (D:5)
  3 worms
  4 giant geckos
  7 orcs
  4 ball pythons
  3 hobgoblins
  A quokka (D:3)
  7 bats
  10 giant cockroaches
  2 giant newts (D:1)
  8 goblins
  6 jackals
  12 kobolds
  2 quokka skeletons
  21 rats
109 creatures vanquished.

Notes
Turn   | Place    | Note
--------------------------------------------------------------
     0 | D:1      | Leibowitz the Merfolk Gladiator began the quest for the Orb.
     0 | D:1      | Reached XP level 1. HP: 16/16 MP: 1/1
    81 | D:1      | Reached XP level 2. HP: 20/22 MP: 2/2
   703 | D:2      | Reached XP level 3. HP: 27/27 MP: 3/3
   735 | D:2      | Found a white marble altar of Elyvilon.
   775 | D:2      | Noticed Ijyb
   822 | D:1      | Killed Ijyb
   822 | D:1      | Reached skill level 5 in Polearms
   822 | D:1      | Reached skill level 1 in Stealth
  1146 | D:2      | Reached XP level 4. HP: 34/34 MP: 4/4
  1154 | D:2      | Reached skill level 5 in Dodging
  1838 | D:3      | Reached skill level 1 in Armour
  1934 | D:3      | Reached XP level 5. HP: 40/40 MP: 5/5
  1984 | D:3      | Found a glowing drain.
  1988 | Sewer    | Entered a sewer
  2100 | Sewer    | Reached skill level 6 in Polearms
  2355 | Sewer    | Found a white marble altar of Elyvilon.
  2681 | D:3      | Found an ancient bone altar of Kikubaaqudgha.
  2755 | D:3      | Reached XP level 6. HP: 26/47 MP: 6/6
  3406 | D:4      | Found a burning altar of Makhleb.
  3459 | D:4      | Found Berefad's Gadget Shoppe.
  4011 | D:5      | Entered Level 5 of the Dungeon
  4373 | D:5      | Reached XP level 7. HP: 25/52 MP: 7/7
  4549 | D:5      | Reached skill level 7 in Polearms
  4617 | D:5      | Found a shimmering altar of Xom.
  4782 | D:5      | Found a staircase to the Ecumenical Temple.
  4900 | D:5      | Slain by a hell rat

Action                   |  1- 3 |  4- 6 |  7- 9 || total
-------------------------+-------+-------+-------++-------
Melee: Trident           |    97 |   284 |    46 ||   427
Throw: Throwing net      |     1 |     7 |     4 ||    12
  Use: Potion            |       |     6 |       ||     6
       Scroll            |       |     9 |       ||     9
 Stab: Held in net/web   |     1 |     1 |     3 ||     5
       Sleeping          |       |     4 |       ||     4
  Eat: Chunk             |       |    10 |       ||    10
       Pizza             |       |       |     1 ||     1
